 Dungeon Sprint DCSS version 0.18.1-48-g4cf74bf (webtiles) character file.

927 Neosonic97 the Nimble (level 7, -4/68 (69) HPs)
             Began as a Purple Draconian Transmuter on Sept 9, 2016.
             Was an Initiate of Cheibriados.
             Slain by a shadow (13 damage)
             ... in the Dungeon (Sprint III: "The Ten Rune Challenge").
             The game lasted 00:03:03 (906 turns).

Neosonic97 the Nimble (Purple Draconian Transmuter)  Turns: 906, Time: 00:03:03

HP:   -4/68 (69)    AC:  2    Str: 15    XL:     7   Next: 85%
MP:   8/10          EV: 17    Int: 15    God:    Cheibriados [......]
Gold: 18            SH:  0    Dex: 12    Spells: 2 memorised, 6 levels left

rFire  . . .     SeeInvis .       - Unarmed
rCold  . . .     Gourm    .     (armour unavailable)
rNeg   . . .     Faith    .     (no shield)
rPois  .         Spirit   .     (helmet restricted)
rElec  .         Dismiss  .     (no cloak)
rCorr  .         Reflect  .     (no gloves)
SustAt .         Harm     .     (no boots)
MR     +....     NoTele   +     (no amulet)
Stlth  +.........               (no ring)
                                (no ring)

@: corroded, non-regenerating, mildly diseased, very slow, somewhat resistant to
hostile enchantments, very unstealthy
A: breathe power, unfitting armour, cold-blooded, AC +6
a: Breathe Dispelling Energy, Bend Time, Renounce Religion


You were in the Dungeon.
You worshipped Cheibriados.
Cheibriados was noncommittal.
You were hungry.

You visited 1 branch You collected 18 gold pieces.

Inventory:

Missiles
 a - 12 arrows
Wands
 q - a wand of slowing (17/48)
Scrolls
 e - a scroll of immolation {unknown}
 i - a scroll of blinking
 j - 3 scrolls of identify
 k - 4 scrolls of remove curse
 n - a scroll of holy word {unknown}
Potions
 d - 3 potions of mutation {unknown}
 f - a potion of haste
 g - 2 potions of magic
 h - a potion of might
 l - a potion of cure mutation {unknown}
 m - 4 potions of flight
 o - a potion of invisibility
 p - a potion of curing
Books
 b - a book of Changes

   Spells                             Type                      Level
   a - Beastly Appendage              Transmutation                1
   b - Sticks to Snakes               Transmutation                2
   c - Spider Form                    Transmutation/Poison         3
   d - Ice Form                       Ice/Transmutation            4
   e - Blade Hands                    Transmutation                5
Comestibles
 c - 3 bread rations


   Skills:
 * Level 8.5 Fighting
 * Level 11.0 Dodging
 - Level 3.0 Unarmed Combat
 - Level 2.4 Spellcasting
 * Level 10.0 Transmutations


You had 6 spell levels left.
You knew the following spells:

 Your Spells              Type           Power        Failure   Level  Hunger
a - Beastly Appendage     Trmt           ####..       1%          1    #......
b - Spider Form           Trmt/Pois      ###.......   10%         3    ###....


Dungeon Overview and Level Annotations

Branches:
Dungeon (1/1)

Altars:
Cheibriados
Elyvilon
Fedhas
Okawaru
Trog
Yredelemnul
Zin
The Shining One


Innate Abilities, Weirdness & Mutations

You can breathe bolts of dispelling energy.
Your rich purple scales are hard (AC +6).
Your body does not fit into most forms of armour.
You are cold-blooded and may be slowed by cold attacks.


Message History

The shadow slips into darkness.
The shadow flickers and vanishes!
Deactivating autopickup; reactivate with Ctrl-A.
You bite something!
The shadow strikes at you from the darkness!
Reactivating autopickup.
You hit the shadow but do no damage.
The shadow is heavily damaged.
The shadow slips into darkness.
The shadow flickers and vanishes!
Deactivating autopickup; reactivate with Ctrl-A.
You hit something.
The shadow strikes at you from the darkness!
* * * LOW HITPOINT WARNING * * *
Reactivating autopickup.
You bite the shadow!
The shadow is almost destroyed.
Your transformation has ended.
The shadow hits you!
You die...

▓▓▓ ♣.############
♣ ♣♣.#___#__[#__#
♣ ♣..#...#...#._#
♣♣♣♣♣.###)#'###)##
..♣...#..........#
≈♣.♣).'.⌠........#
≈≈≈.♣)#...######'#
≈≈....#.⌠.# #.W@#
≈.....#...# #...#
......#+### #...#
......# #..%+
......# +...#
▓▓▓▓▓▓▓ ▓▓▓▓▓


You could see a shadow.

Vanquished Creatures
  A deep elf mage (D)
  A necrophage (D)
  A water elemental (D)
  Crazy Yiuf (D)
  A jelly (D)
  Jessica (D)
  A necromancer (D)
  3 humans (D)
  3 rats (D)
13 creatures vanquished.

Vanquished Creatures (others)
  2 draconian scorchers (D)
  A yaktaur (D)
3 creatures vanquished.

Grand Total: 16 creatures vanquished

Notes
Turn   | Place    | Note
--------------------------------------------------------------
     0 | D        | Neosonic97 the Draconian Transmuter began the quest for the Orb.
     0 | D        | Reached XP level 1. HP: 16/16 MP: 3/3
     3 | D        | Reached skill level 2 in Dodging
    18 | D        | Noticed Jessica
    23 | D        | Killed Jessica
    23 | D        | Reached skill level 3 in Dodging
    23 | D        | Reached XP level 2. HP: 7/26 MP: 3/5
    38 | D        | Killed a yaktaur
   168 | D        | Killed a white draconian scorcher
   170 | D        | Killed a white draconian scorcher
   290 | D        | Reached skill level 4 in Dodging
   290 | D        | Reached XP level 3. HP: 12/33 MP: 6/6
   296 | D        | Learned a level 3 spell: Spider Form
   297 | D        | Noticed Crazy Yiuf
   307 | D        | Noticed a water elemental
   317 | D        | Killed Crazy Yiuf
   317 | D        | Reached skill level 5 in Transmutations
   317 | D        | Reached XP level 4. HP: 34/41 MP: 1/7
   377 | D        | Killed a water elemental
   377 | D        | Reached skill level 5 in Fighting
   377 | D        | Reached skill level 5 in Dodging
   586 | D        | Found a glowing silver altar of Zin.
   586 | D        | Found a glowing golden altar of the Shining One.
   586 | D        | Found a white marble altar of Elyvilon.
   587 | D        | Noticed a deep elf mage
   601 | D        | Killed a deep elf mage
   601 | D        | Reached skill level 9 in Dodging
   601 | D        | Reached XP level 5. HP: 44/52 MP: 2/8
   601 | D        | Reached XP level 6. HP: 50/60 MP: 2/9
   601 | D        | Your scales start taking on a rich purple colour.
   601 | D        | Reached XP level 7. HP: 55/66 MP: 2/10
   607 | D        | Found an iron altar of Okawaru.
   607 | D        | Found a bloodstained altar of Trog.
   607 | D        | Noticed a human
   609 | D        | Noticed a human
   629 | D        | Killed a human
   629 | D        | Reached skill level 10 in Dodging
   636 | D        | Killed a human
   864 | D        | Found a basalt altar of Yredelemnul.
   864 | D        | Found a snail-covered altar of Cheibriados.
   864 | D        | Found a blossoming altar of Fedhas.
   876 | D        | Reached skill level 10 in Transmutations
   885 | D        | Became a worshipper of Cheibriados the Contemplative
   892 | D        | Noticed a shadow
   900 | D        | Reached skill level 11 in Dodging
   906 | D        | Slain by a shadow

Skill      XL: |  1  2  3  4  5  6  7 |
---------------+----------------------+-----
Dodging        | 3 4 9 11 | 11.0
Fighting       | 3 4 7 8 |  8.5
Transmutations | 4 5 9 10 | 10.0
Unarmed Combat | |  3.0
Spellcasting   | |  2.4

Action                   |  1- 3 |  4- 6 |  7- 9 || total
-------------------------+-------+-------+-------++-------
Melee: Unarmed           |    38 |    19 |    45 ||   102
       Headbutt          |     5 |       |       ||     5
       Tailslap          |       |       |     1 ||     1
 Cast: Beastly Appendage |     4 |       |       ||     4
       Spider Form       |     1 |     2 |     3 ||     6
  Use: Potion            |     4 |       |     1 ||     5
  Eat: Chunk             |       |       |     1 ||     1
Armor: Skin              |     4 |       |     2 ||     6
Dodge: Dodged            |    21 |    11 |    42 ||    74
